 Dungeon Crawl Stone Soup version 0.29-a0-542-g075992c915 (webtiles) character file.

Game seed: 11728644893125266732

2 jt the Chopper (level 1, 0/19 HPs)
             Began as a Meteoran Cinder Acolyte on June 4, 2022.
             Was a High Priest of Ignis.
             Frozen to death by an endoplasm (5 damage)
             ... on level 1 of the Dungeon.
             The game lasted 00:00:34 (147 turns).

jt the Chopper (Meteoran Cinder Acolyte)             Turns: 147, Time: 00:00:34

Health: 0/19       AC:  9    Str: 15    XL:     1   Next: 42%
Magic:  3/3        EV: 11    Int: 15    God:    Ignis [*****.]
Gold:   9          SH:  0    Dex:  9    Spells: 2/2 levels left

rFire   + . .      SeeInvis .   a - -1 hand axe (flame)
rCold   . . .      Faith    .   (no shield)
rNeg    . . .      Spirit   .   b - +0 robe
rPois   .          Reflect  .   (no helmet)
rElec   .          Harm     .   (no cloak)
rCorr   .          Rampage  .   (no gloves)
Will    .....                   (no boots)
Stlth   +.........              (no amulet)
HPRegen 0.06/turn               (no ring)
MPRegen 0.08/turn               (no ring)

@: fiery-armoured, glowing
A: sense surroundings 1, otherworldly, glowing, explore regen
a: Renounce Religion, Fiery Armour, Foxfire Swarm, Rising Flame


You were on level 1 of the Dungeon.
You worshipped Ignis.
Ignis was extremely pleased with you.
You visited 1 branch of the dungeon, and saw 1 of its levels.

You collected 9 gold pieces.

Inventory:

Hand Weapons
 a - a -1 hand axe of flaming (weapon)
 c - a +2 whip of venom
 f - a +0 spear
Missiles
 e - 18 stones (quivered)
Armour
 b - a +0 robe (worn)
Scrolls
 d - a scroll of identify {unknown}
Potions
 g - a potion of curing {unknown}


   Skills:
 - Level 3.2 Fighting
 + Level 3.8 Axes
 - Level 1.3 Spellcasting
 - Level 3.6 Fire Magic


You had 2 spell levels left.
You didn't know any spells.
Your spell library contained the following spells:

 Spells                   Type           Power      Damage    Failure   Level
 Scorch                   Fire           22%        2d6       9%          2


Dungeon Overview and Level Annotations

Branches:
Dungeon (1/15)

Altars:


Innate Abilities, Weirdness & Mutations

You passively map a small area around you.
You are easily found by Zot.
You glow in the dark.
You regain HP and MP as you explore.


Message History

c - a +2 whip of venom
Found a scroll labelled FAH LISKOS.
d - a scroll labelled FAH LISKOS You see here 18 stones.
e - 18 stones
Found a spear.
You see here a +0 spear.
f - a +0 spear
Found 9 gold pieces.
Found an inky potion.
You now have 9 gold pieces.
g - an inky potion
Found a stone staircase leading down. 2 endoplasms come into view.
Found 16 stones.
The endoplasm quivers. x2
An endoplasm comes into view.
The endoplasm quivers.
The endoplasm freezes you.
You are frozen.
A ball python comes into view.
The ball python hisses angrily.
A hobgoblin comes into view.
You hit the endoplasm. You burn the endoplasm.
The endoplasm is heavily wounded.
You hit the endoplasm. You burn the endoplasm. The endoplasm freezes you.
You are frozen.
The endoplasm freezes you.
You are frozen.
A protective cloak of flame settles atop you.
The endoplasm hits you.
The endoplasm is burned by your cloak of flames.
You kill the endoplasm!
The endoplasm freezes you.
You are frozen.
* * * LOW HITPOINT WARNING * * *
The endoplasm freezes you.
You are frozen.
You die...

, , , ,, ** , ,....# ,
,,,...##### , , g......# , *
*#.S....# * , ,* #..(...# ,
, , , #.....># *
,...####J.....# , *
.......J@....# * *
*#######......#
#.......###### * * * * *
###.#######....## ,, ,
#.........#.##..## * * *
#######.#.#######..##..## *
* #....##.#.#* ##.......##
,* * #.##....#..
##..##.#...##
#.#########.###...#..##...##


You could see 2 endoplasms, a hobgoblin and a ball python.

Vanquished Creatures
  2 endoplasms (D:1)
  A bat (D:1)
3 creatures vanquished.

Notes
Turn   | Place    | Note
-------+----------+-------------------------------------------
     0 | D:1      | jt the Meteoran Cinder Acolyte began the quest for the Orb.
     0 | D:1      | Reached XP level 1. HP: 19/19 MP: 3/3
   147 | D:1      | Frozen to death by an endoplasm

Illustrated notes

Levels and vault maps discovered:
D:1:      dpeg_chamrin_arrival_tetris, layout_basic, hangedman_decor_push

Action                   || total
-------------------------++-------
Melee: Hand axe          ||     4
Invok: Fiery Armour      ||     1

Table legend: (Time is in decaauts)
 A = Elapsed time spent in this place.
 B = Non-inter-level travel time spent in this place.
 C = Inter-level travel time spent in this place.
 D = Time resting spent in this place.
 E = Time spent auto-exploring this place.
 F = Levels seen in this place.
 G = Mean time per level.
                   A        B        C        D        E       F      G
               +--------+--------+--------+--------+--------+-----+--------+
         Total |    147 |    126 |     21 |      0 |     36 |   1 |  147.0 |
       Dungeon |    147 |    126 |     21 |      0 |     36 |   1 |  147.0 |
               +--------+--------+--------+--------+--------+-----+--------+

Top non-repeatable levels by time:
     D:1: 147 daAuts
